Map: Ascension to Aiur LE

Players

NOTAKON - Winner!

  • Race: Terran Terran
  • League: Master
  • Spawn Location: 11:00

LoveGauGau

  • Race: Terran Terran
  • League: Master
  • Spawn Location: 5:00

VOD

Have the link to the VOD?

Description

Time

  • Played on: Dec. 29, 2017, 8:42 a.m.
  • Length: 16:27
Show
View Real Time Build Order
Export as new Build Order

NOTAKON Terran - Winner!

Build Orders: Bio Tank 

Get SALT Encoding   

  12  0:01  SCV  
  13  0:13  SCV  
  14  0:18  Supply Depot  
  14  0:25  SCV  
  15  0:39  SCV  
  15  0:41  Barracks  
  16  0:51  SCV  
  17  1:03  SCV  
  18  1:15  Command Center  
  18  1:19  SCV  
  19  1:28  Marine  
  20  1:35  Orbital Command  
  20  1:42  Refinery  
  20  1:46  Marine  
  20  1:49  Supply Depot  
  20  1:54  Refinery  
  20  2:00  SCV  
  21  2:03  Marine  
  22  2:14  SCV  
  23  2:20  Barracks  
  23  2:21  Marine  
  24  2:26  SCV  
  25  2:30  Orbital Command  
  25  2:38  SCV  
  25  2:42  Barracks Tech Lab  
  26  2:46  Factory  
  26  2:50  SCV  
  27  2:56  SCV  
  28  3:02  Marine, SCV  
  28  3:04  Stimpack  
  30  3:08  SCV  
  30  3:09  Marine  
  32  3:17  SCV  
  33  3:20  Marine  
  33  3:24  SCV  
  35  3:27  Marine  
  35  3:29  SCV  
  35  3:31  Factory Tech Lab  
  35  3:34  Starport  
  37  3:36  SCV  
  37  3:37  Marine  
  39  3:42  SCV  
  39  3:45  Marine  
  41  3:49  Siege Tank  
  41  3:50  SCV  
  41  3:51  Supply Depot  
  41  3:55  SCV  
  46  4:12  Starport Reactor, Marine  
  46  4:13  SCV x2  
  46  4:15  Marine  
  50  4:17  Command Center  
  50  4:22  Siege Tank  
  53  4:25  SCV  
  54  4:38  Supply Depot  
  54  4:39  Refinery  
  54  4:43  Barracks Reactor  
  54  4:49  Engineering Bay x2  
  54  4:59  Marine, Medivac, SCV x2, Refinery  
  59  5:00  Medivac  
  59  5:05  Supply Depot  
  61  5:12  SCV  
  62  5:17  Supply Depot  
  62  5:26  Marine  
  62  5:28  Marine  
  64  5:29  Terran Infantry Weapons Level 1  
  64  5:30  Terran Infantry Armor Level 1  
  64  5:33  SCV x2  
  66  5:38  Marine  
  66  5:41  Orbital Command  
  67  5:44  Marine  
  67  5:45  SCV x2  
  67  5:47  Marine  
  71  5:51  Siege Tank  
  71  5:56  Combat Shields  
  74  5:58  SCV  
  74  5:59  SCV  
  74  6:00  Marine  
  74  6:02  Marine  
  78  6:07  Armory  
  78  6:08  Orbital Command  
  78  6:10  SCV, Medivac  
  81  6:12  SCV  
  81  6:17  Marine  
  81  6:18  Marine  
  84  6:20  Marine  
  84  6:22  Supply Depot  
  84  6:23  Siege Tank  
  84  6:25  SCV  
  89  6:30  SCV  
  89  6:32  Medivac  
  92  6:34  SCV  
  93  6:43  Marine x3, SCV x2  
  93  6:47  SCV, Supply Depot  
  99  6:55  SCV x2  
  99  6:58  Terran Vehicle Weapons Level 1  
  101  7:01  Marine  
  101  7:03  Supply Depot  
  101  7:04  Supply Depot  
  101  7:08  Marine x2, SCV, Siege Tank  
  102  7:13  SCV x2  
  109  7:24  Marine, Medivac x2  
  109  7:26  Marine x2, Concussive Shells  
  109  7:29  SCV x2  
  119  7:30  Terran Infantry Weapons Level 2, SCV, Refinery x2  
  119  7:41  SCV  
  119  7:42  Marine  
  119  7:44  Marine, SCV x2  
  123  7:46  Terran Infantry Armor Level 2  
  123  7:57  Marine  
  116  8:00  Marine, SCV x2, Siege Tank  
  116  8:01  Marine  
  107  8:10  SCV  
  107  8:12  SCV  
  103  8:13  SCV  
  103  8:14  Marine  
  103  8:17  Command Center  
  103  8:18  Marine  
  103  8:19  Marine  
  106  8:23  SCV  
  106  8:24  SCV, Medivac x2  
  112  8:31  Barracks x2  
  112  8:32  Marine, Barracks  
  113  8:35  Marine  
  113  8:37  Marine  
  113  8:38  Supply Depot  
  113  8:40  Supply Depot  
  115  8:42  Supply Depot  
  115  8:43  Siege Tank  
  118  8:50  Marine  
  118  8:53  Marine  
  118  8:55  Marine  
  113  9:08  Marine  
  110  9:11  Marine  
  110  9:13  Marauder  
  110  9:21  Barracks Reactor  
  110  9:22  Barracks Reactor, Barracks Tech Lab  
  108  9:26  Marine  
  108  9:28  Siege Tank  
  108  9:29  Marine  
  108  9:31  Terran Vehicle Weapons Level 2, Factory  
  113  9:32  Medivac x2  
  113  9:34  Command Center  
  113  9:35  Marauder  
  119  9:43  Marauder  
  119  9:44  Marine  
  122  9:47  Marine  
  123  9:54  Refinery  
  123  9:55  Marine  
  123  9:58  Marine x3  
  123  9:59  Marine  
  128  10:01  Marine, Refinery  
  128  10:04  Marine, Marauder  
  127  10:11  Siege Tank  
  127  10:14  Marauder  
  122  10:16  Marine x3  
  115  10:24  Marine x2  
  115  10:25  Marine, Marauder  
  115  10:26  Planetary Fortress  
  120  10:32  Missile Turret x2  
  120  10:34  Marine x3  
  120  10:35  Marauder  
  125  10:38  Viking x2  
  125  10:39  Terran Infantry Weapons Level 3  
  125  10:41  Factory Tech Lab  
  125  10:42  Marine x3  
  130  10:44  Terran Infantry Armor Level 3  
  130  10:47  Marauder  
  134  10:51  Siege Tank  
  134  10:52  Marine x3  
  134  10:56  Marauder  
  142  11:00  Marine x3  
  142  11:02  Siege Tank  
  148  11:08  Marauder  
  148  11:09  Marine x2  
  148  11:10  Marine  
  153  11:18  Marine, Marauder  
  155  11:23  Marine, Siege Tank  
  155  11:24  Marine  
  156  11:29  Marauder  
  156  11:30  Supply Depot  
  155  11:33  Viking  
  155  11:34  Marine x3, Viking, Siege Tank  
  155  11:35  Marine  
  155  11:39  Marauder  
  168  11:41  Marine x2  
  168  11:45  Planetary Fortress  
  170  11:51  Marauder  
  170  11:53  Marine x3  
  170  11:54  Marine  
  176  11:55  Siege Tank  
  176  11:59  Marine x2  
  176  12:01  Marauder  
  183  12:06  Siege Tank  
  186  12:11  Marine  
  187  12:18  Marauder  
  187  12:24  Marine x2  
  187  12:25  Marauder  
  187  12:28  Siege Tank  
  187  12:29  Marine x2  
  173  12:36  Marine x2  
  150  12:38  Siege Tank  
  150  12:39  Marauder  
  150  12:42  Marine x2, Medivac x2  
  155  12:47  Marauder  
  155  12:48  Marine  
  148  12:55  Marine x2  
  138  13:00  Marauder, Siege Tank  
  138  13:03  Marine x3  
  140  13:05  Marine  
  140  13:08  Marauder  
  140  13:12  Medivac x2  
  147  13:13  Marine  
  147  13:14  Starport  
  147  13:16  Terran Vehicle Weapons Level 3  
  147  13:30  Marine x2  
  147  13:31  Siege Tank, Marauder  
  138  13:40  Marine x4, Marauder  
  142  13:42  SCV x3, Medivac x2  
  142  13:43  SCV  
  142  13:48  Marine x2  
  146  13:53  Starport Reactor  
  145  13:59  Marine x4  
  145  14:00  Marauder  
  145  14:01  Marine  
  152  14:06  Marine  
  146  14:11  Medivac  
  146  14:12  Medivac  
  149  14:26  Marine  
  149  14:27  Marine x5, Marauder  
  149  14:28  Siege Tank  
  149  14:30  Siege Tank  
  152  14:37  Marauder  
  153  14:44  Marine x2  
  153  14:45  Marine  
  154  14:46  Viking x3  
  154  14:49  Marine x2, Marauder  
  159  15:05  Marine, Marauder  
  158  15:07  Siege Tank  
  158  15:08  Marine x2  
  158  15:09  Marine, Viking  
  158  15:10  Marine x2, Marauder  
  159  15:16  Viking x3  
  163  15:22  Marine  
  163  15:26  Marine x3, Marauder  
  163  15:28  Marine x2  
  167  15:32  Marauder  
  171  15:38  Armory, Barracks  
  171  15:39  Viking, Barracks  
  171  15:40  Marine, Barracks  
  174  15:44  Marine x2  
  174  15:46  Viking  
  174  15:48  Marauder  
  180  15:51  Medivac x2  
  180  15:53  Siege Tank  
  187  16:02  Command Center  
  187  16:03  Marine  
  187  16:04  Marine x2  
  187  16:05  Marine, Marauder  
  187  16:06  Marine x2  
Show
View Real Time Build Order
Export as new Build Order

LoveGauGau Terran 

Build Orders: Liberator Opening, Mech 

Get SALT Encoding   

  12  0:00  SCV  
  13  0:13  SCV  
  14  0:17  Supply Depot  
  14  0:25  SCV  
  15  0:39  SCV  
  15  0:40  Barracks  
  16  0:46  Refinery  
  16  0:51  SCV  
  17  1:03  SCV  
  18  1:18  SCV  
  19  1:32  Marine, Command Center  
  19  1:39  Orbital Command  
  20  1:49  Supply Depot  
  20  1:52  Reaper  
  21  1:57  Refinery  
  21  2:05  SCV  
  22  2:16  Supply Depot  
  22  2:21  SCV  
  22  2:22  Factory  
  23  2:32  Barracks Reactor  
  23  2:33  SCV  
  24  2:45  SCV  
  25  2:54  Orbital Command  
  25  2:57  SCV  
  26  3:06  Cyclone  
  26  3:09  Starport, SCV  
  26  3:10  Marine x2  
  32  3:20  SCV  
  33  3:27  SCV  
  33  3:28  Marine x2  
  33  3:31  Engineering Bay  
  33  3:32  SCV  
  37  3:35  Liberator  
  37  3:39  SCV  
  38  3:44  SCV  
  39  3:51  SCV  
  43  3:56  SCV  
  43  3:59  Cyclone  
  43  4:00  Widow Mine  
  48  4:03  SCV, Refinery  
  48  4:05  Supply Depot  
  48  4:08  SCV  
  50  4:12  Missile Turret  
  50  4:17  Missile Turret  
  50  4:22  SCV, Supply Depot  
  50  4:23  Supply Depot  
  51  4:26  SCV, Barracks Tech Lab  
  52  4:34  SCV  
  53  4:38  SCV  
  53  4:43  Cyclone x2  
  60  4:48  SCV  
  60  4:50  SCV  
  60  4:51  Supply Depot  
  60  4:52  Supply Depot  
  62  4:54  Supply Depot  
  62  4:58  Refinery  
  62  5:00  SCV  
  62  5:04  Raven  
  65  5:08  SCV  
  65  5:12  SCV  
  67  5:17  Hellion  
  67  5:18  Hellion  
  71  5:22  Factory  
  71  5:33  SCV  
  72  5:36  Armory  
  75  5:42  Cyclone  
  75  5:44  Barracks Reactor  
  75  5:48  SCV x2  
  77  5:50  Command Center  
  77  5:55  Hellion  
  79  5:58  Supply Depot  
  79  5:59  Starport Reactor  
  79  6:01  Supply Depot  
  79  6:03  Barracks  
  79  6:06  SCV, Supply Depot  
  80  6:12  Factory  
  80  6:15  Hellion  
  80  6:17  Hellion  
  84  6:19  Siege Tank  
  87  6:27  Infernal Pre-Igniter  
  87  6:36  Viking, Hellion  
  87  6:38  Hellion  
  93  6:44  Terran Vehicle Weapons Level 1  
  93  6:52  Hellion  
  95  6:57  Viking, Missile Turret x3  
  95  6:59  Hellion  
  99  7:01  Supply Depot  
  99  7:02  Supply Depot  
  99  7:06  Viking  
  101  7:15  Siege Tank  
  106  7:16  Hellion  
  110  7:22  Hellion  
  110  7:23  Hellion  
  110  7:26  SCV  
  111  7:31  Missile Turret  
  111  7:33  Missile Turret  
  111  7:36  SCV  
  112  7:39  Sensor Tower  
  112  7:47  Siege Tank  
  115  7:53  Planetary Fortress  
  115  7:56  Hellion  
  115  7:57  Refinery  
  102  8:00  SCV x2, Refinery  
  81  8:11  Medivac  
  81  8:12  SCV x2  
  85  8:19  Siege Tank  
  88  8:21  Hellion x4  
  88  8:22  Medivac  
  88  8:24  SCV  
  88  8:25  SCV  
  100  8:32  Factory  
  100  8:36  SCV  
  100  8:37  Factory, SCV  
  100  8:40  Terran Vehicle And Ship Armor Level 1  
  102  8:42  Hellion  
  102  8:45  Hellion x2  
  102  8:47  Medivac  
  102  8:48  SCV  
  111  8:54  Hellion x2  
  95  9:04  Hellion  
  95  9:06  Hellion x2  
  92  9:15  Siege Tank  
  92  9:16  Hellion  
  93  9:21  SCV  
  94  9:25  Hellion  
  94  9:27  Factory Tech Lab x2  
  94  9:28  Hellion x2  
  94  9:29  Viking x2  
  104  9:37  Hellion  
  106  9:46  Hellion, Siege Tank  
  106  9:47  Hellion, Siege Tank  
  106  9:49  Hellion x2  
  120  9:59  Viking  
  120  10:07  Hellion  
  120  10:08  Hellion, Siege Tank  
  120  10:10  Liberator  
  120  10:11  Command Center  
  120  10:12  Hellion  
  114  10:15  Hellion  
  114  10:19  Hellion  
  114  10:20  Hellion  
  119  10:28  Hellion  
  119  10:35  Factory  
  119  10:40  Thor, Siege Tank  
  119  10:41  Hellion  
  130  10:44  Terran Vehicle Weapons Level 2  
  130  10:49  Armory  
  130  10:58  Siege Tank  
  130  10:59  Hellion  
  130  11:02  Viking  
  137  11:08  Hellion  
  137  11:10  Viking  
  141  11:12  Siege Tank  
  141  11:13  SCV x2  
  146  11:23  Hellion x2, Siege Tank  
  149  11:29  Hellion  
  149  11:30  Siege Tank  
  150  11:38  Factory Tech Lab  
  150  11:41  Terran Vehicle And Ship Armor Level 2  
  150  11:43  Refinery  
  150  11:44  Siege Tank  
  150  11:45  Refinery  
  153  11:48  Hellion  
  155  11:55  Siege Tank  
  155  11:57  Siege Tank  
  155  11:58  Hellion  
  163  12:02  Siege Tank  
  163  12:04  Planetary Fortress  
  166  12:09  Hellion x2  
  166  12:14  SCV x2  
  166  12:15  Sensor Tower  
  172  12:17  SCV  
  166  12:24  Hellion, Siege Tank  
  166  12:27  Siege Tank  
  166  12:28  Hellion  
  145  12:33  Hellion  
  133  12:37  SCV x2  
  133  12:38  SCV  
  136  12:50  Siege Tank  
  139  12:51  Hellion  
  125  12:59  Siege Tank  
  125  13:00  SCV  
  126  13:10  SCV x2  
  126  13:12  SCV  
  129  13:24  Hellion, Siege Tank  
  134  13:29  Siege Tank  
  134  13:30  Hellion  
  93  13:34  Hellion  
  93  13:38  SCV x2  
  78  13:58  Viking x2  
  81  14:09  Hellion, Siege Tank  
  86  14:11  Liberator x2  
  84  14:19  Supply Depot  
  84  14:30  Siege Tank  
  90  14:40  Orbital Command, Hellion x2, Siege Tank  
  90  14:41  Hellion x2  
  101  14:46  Thor  
  101  14:52  Hellion  
  107  15:01  Thor  
  107  15:02  Hellion x4  
  113  15:12  Siege Tank  
  113  15:13  Hellion  
  89  15:22  SCV x3  
  89  15:23  Hellion  
  94  15:34  SCV x2  
  96  15:35  Refinery  
  96  15:37  Refinery  
  96  15:41  Thor  
  92  16:05  Hellion  
  92  16:06  Hellion x3  
Tags
 
Add a new tag
Caveats
  • Supply blocks, unpowered buildings, or Contaminate may cause inaccurate times.
  • Supply counts are checked every 10 seconds.